 Dungeon Crawl Stone Soup version 0.29-a0-284-gf9362112df (webtiles) character file.

Game seed: 5579531057397456654

3866 spaghetti the Nimble (level 9, -4/66 HPs)
             Began as a Mummy Fighter on Mar 22, 2022.
             Was a Follower of Yredelemnul.
             Killed by divine providence
             ... invoked by an orc priest
              (12 damage)
             ... on level 8 of the Dungeon.
             The game lasted 00:15:05 (7892 turns).

spaghetti the Nimble (Mummy Fighter)                Turns: 7892, Time: 00:15:05

Health: -4/66      AC:  9    Str: 19    XL:     9   Next: 99%
Magic:  19/19      EV: 16    Int:  8    God:    Yredelemnul [*.....]
Gold:   503        SH:  4    Dex: 15    Spells: 8/8 levels left

rFire   x . .      SeeInvis .   t - +2 short sword (distort) {!wshort}
rCold   + . .      Faith    +   c - +0 buckler
rNeg    + + +      Spirit   .   x - +0 steam dragon scales
rPois   ∞          Reflect  .   (no helmet)
rElec   .          Harm     .   (no cloak)
rCorr   .          Rampage  .   (no gloves)
Will    +....                   (no boots)
Stlth   ++........              d - amulet of faith {!P}
HPRegen 0.21/turn               q - +4 ring of protection
MPRegen 0.16/turn               B - ring of magical power

@: about to teleport
A: cold resistance 1, negative energy resistance 3, torment resistance 2, heat
vulnerability 1, in touch with death 1, no potions
a: Renounce Religion, Recall Undead Harvest


You were on level 8 of the Dungeon.
You worshipped Yredelemnul.
Yredelemnul was noncommittal.
You visited 2 branches of the dungeon, and saw 9 of its levels.

You collected 503 gold pieces.


Innate Abilities, Weirdness & Mutations

You are immune to poison.
Your flesh is cold resistant. (rC+)
You are immune to negative energy. (rN+++)
You are immune to unholy pain and torment.
You are vulnerable to heat. (rF-)
You are in touch with the powers of death.
You do not drink.


   Skills:
 + Level 4.3 Fighting
 * Level 7.0 Short Blades
 - Level 2.4 Armour
 + Level 8.9 Dodging
 - Level 2.2 Stealth
 - Level 2.4 Shields
 + Level 2.3 Invocations


You had 8 spell levels left.
You didn't know any spells.
Your spell library contained the following spells:

 Spells                   Type           Power      Damage    Failure   Level
 Corpse Rot               Necr/Air       0%         N/A       65%         2
 Ensorcelled Hibernation  Hex/Ice        0%         N/A       65%         2
 Poisonous Vapours        Pois/Air       0%         N/A       65%         2
 Scorch                   Fire           0%         2d5       65%         2
 Ozocubu's Armour         Ice            0%         N/A       86%         3
 Summon Guardian Golem    Hex/Summ       0%         N/A       86%         3
 Anguish                  Hex/Necr       0%         N/A       99%         4
 Dispel Undead            Necr           0%         3d6       99%         4
 Flame Wave               Conj/Fire      0%         2d4       99%         4
 Summon Cactus Giant      Summ           0%         N/A       100%        6
 Orb of Destruction       Conj           0%         9d5       100%        7
 Ozocubu's Refrigeration  Ice            0%         4d5       100%        7
 Spellforged Servitor     Conj/Summ      0%         N/A       100%        7
 Spider Form              Tmut/Pois      Unusable   N/A       N/A         3
 Death Channel            Necr           Unusable   N/A       N/A         6

Inventory:

Hand Weapons
 t - a +2 short sword of distortion (weapon) {!wshort}
   (You took it off a kobold on level 5 of the Dungeon)
 u - a +0 shortbow of flaming {bow}
   (You took it off a centaur on level 8 of the Dungeon)
 z - a +3 rapier {short}
   (You took it off an orc on level 6 of the Dungeon)
Missiles
 a - 3 boomerangs {throwing}
 f - 170 stones (quivered) {throwing}
 j - 21 poisoned darts {throwing}
 k - a throwing net {=f!fthrowing}
Armour
 b - a +0 scale mail
 c - a +0 buckler (worn)
 v - a +2 robe of willpower
   (You took it off Pikel on level 4 of the Dungeon)
 w - a +0 pair of boots
   (You found it on level 8 of the Dungeon)
 x - +0 steam dragon scales (worn)
   (You found it on level 6 of the Dungeon)
Jewellery
 d - an amulet of faith (around neck) {!P}
   (You found it on level 3 of the Dungeon)
 g - an amulet of regeneration {@e2}
   (You found it on level 1 of the Dungeon)
 h - an amulet of guardian spirit
   (You took it off a goblin on level 1 of the Dungeon)
 n - a ring of positive energy
   (You found it on level 3 of the Dungeon)
 q - a +4 ring of protection (left hand)
   (You found it on level 3 of the Dungeon)
 B - a ring of magical power (right hand)
   (You found it on level 7 of the Dungeon)
Wands
 o - a wand of acid (9)
   (You found it on level 3 of the Dungeon)
 s - a wand of polymorph (8)
   (You found it on level 6 of the Dungeon)
Scrolls
 e - a scroll of noise {!r}
 i - a scroll of amnesia
 l - a scroll of magic mapping {!r}
 m - 3 scrolls of fog
 p - a scroll of teleportation {@r4}
 r - a scroll of vulnerability {!r!r}
 y - a scroll of immolation {!r!r}
 A - a scroll of enchant armour

Dungeon Overview and Level Annotations

Branches:
Dungeon (8/15)             Temple (1/1) D:7
   Lair: D:8-11

Altars:
Dithmenos
Elyvilon
Fedhas
Gozag
Hepliaklqana
Kikubaaqudgha
Makhleb
Nemelex Xobeh
Okawaru
Qazlal
Sif Muna
Uskayaw
Vehumet
Wu Jian
Xom
Yredelemnul
The Shining One

Shops:
D:4 :

Annotations:
D:2 1 exclusion

# ##### . #... .#
#########.# ######.#.
##.(..o.Zo.#####........
......o@Z...............
##.#######.....#........
+........###'##
#.....#..##....
#######..##....
#..##.... #..##....
######..##....
#.......##....


You could see an orc warrior (ally target), an orc priest, an orc, a friendly
orc warrior zombie and a friendly centaur zombie.


Message History

Really fire in your centaur zombie's direction? [Y]es or [N]o only, please.
Really fire in your centaur zombie's direction?
Okay, then.
Unknown command.
You swap places.
An orc priest comes into view. It is wielding a +0 flail.
You swap places.
The orc warrior completely misses you.
You hit the orc warrior but do no damage.
Your centaur zombie closely misses the orc warrior.
Your centaur zombie kicks the orc warrior but does no damage.
The orc wizard barely misses you.
The orc warrior barely misses your centaur zombie.
You barely miss the orc warrior.
Your centaur zombie hits the orc warrior but does no damage.
Your centaur zombie completely misses the orc warrior.
The orc warrior misses you.
The orc wizard hits your centaur zombie with a +3 dagger.
The orc priest mumbles some strange prayers to Beogh against you.
Beogh smites you! 😕 HP[-13]
You take 13 damage, and now have 52/65 hp.
Unknown command.
You closely miss the orc wizard.
Your centaur zombie hits the orc warrior.
Your centaur zombie closely misses the orc warrior.
You hit the orc wizard.
Space warps around the orc wizard.
You block the orc warrior's attack.
The orc wizard hits your centaur zombie with a +3 dagger.
Your centaur zombie closely misses the orc wizard. x2
You closely miss the orc wizard. The orc warrior misses you.
The orc wizard hits you but does no damage.
Your centaur zombie hits the orc wizard but does no damage.
Your centaur zombie closely misses the orc wizard.
You closely miss the orc wizard.
Your centaur zombie completely misses the orc wizard. x2
The orc wizard mumbles some strange words.
The orc wizard flickers and vanishes!
Deactivating autopickup; reactivate with Ctrl-A.
The orc warrior hits your centaur zombie with a +0 trident! 😕 HP[+1]
You closely miss the orc warrior.
Your centaur zombie closely misses the orc warrior.
Your centaur zombie barely misses the orc warrior.
The orc warrior hits you with a +0 trident!
Something hits you. 😮 HP[-17]
You take 17 damage, and now have 36/65 hp.
MASSIVE DAMAGE!! (PAUSE)
You hit the orc warrior but do no damage.
The orc warrior blinks!
Your orc warrior zombie hits the orc warrior.
You hit something.
Space warps horribly around something!!
Reactivating autopickup.
You feel a bit more experienced.
Your centaur zombie barely misses the orc warrior.
Your centaur zombie kicks the orc warrior but does no damage.
The orc warrior hits you from afar with a +0 trident!
* * * LOW HITPOINT WARNING * * *
😨 HP[-9]
You now have 66 max hp (+1).
You take 9 damage, and now have 27/66 hp.
You hit the orc priest.
Space warps around the orc priest!
Your centaur zombie hits the orc warrior.
Your centaur zombie kicks the orc warrior but does no damage.
The orc warrior hits you from afar with a +0 trident!
* * * LOW HITPOINT WARNING * * *
The orc hits you but does no damage. The orc priest closely misses you.
Your orc warrior zombie hits the orc warrior but does no damage. 😨 HP[-9]
You take 9 damage, and now have 18/66 hp.
You closely miss the orc priest.
Your centaur zombie hits the orc warrior but does no damage.
Your centaur zombie kicks the orc warrior but does no damage.
The orc hits you but does no damage.
The orc priest invokes the aid of Beogh against you.
Beogh smites you!
* * * LOW HITPOINT WARNING * * *
The orc warrior barely misses you. 😱 HP[-10]
You take 10 damage, and now have 8/66 hp.
You can't drink.
Unknown command.
As you read the scroll of teleportation {@r4}, it crumbles to dust.
You feel strangely unstable.
Your centaur zombie hits the orc warrior but does no damage.
Your centaur zombie kicks the orc warrior but does no damage.
Your orc warrior zombie hits the orc warrior.
The orc completely misses you. You block the orc warrior's attack.
The orc priest barely misses you.
Your centaur zombie closely misses the orc warrior.
Your centaur zombie misses the orc warrior.
Unknown command.
You barely miss the orc priest.
Your orc warrior zombie closely misses the orc warrior.
You block the orc warrior's attack. The orc misses you.
The orc priest invokes the aid of Beogh against you.
Beogh smites you!
You die...
Yredelemnul claims you as an undead slave.

Skill      XL: |  1  2  3  4  5  6  7  8  9 |
---------------+----------------------------+-----
Stealth        | 1 2 |  2.2
Dodging        | 2 3 6 7 8 |  8.9
Short Blades   | 5 7 |  7.0
Invocations    | 2 |  2.3
Fighting       | 4 |  4.3
Armour         | |  2.4
Shields        | |  2.4

Action                   |  1- 3 |  4- 6 |  7- 9 || total
-------------------------+-------+-------+-------++-------
Melee: Rapier            |   113 |   100 |       ||   213
       Whip              |       |    19 |    80 ||    99
       Short sword       |       |       |   291 ||   291
Throw: Stone             |    34 |    16 |   183 ||   233
Evoke: Wand              |       |     4 |     9 ||    13
  Use: Scroll            |     1 |     4 |    14 ||    19
 Stab: Paralysed         |       |       |     6 ||     6
       Sleeping          |       |       |     1 ||     1
Armor: Scale mail        |    54 |    63 |       ||   117
       Robe              |       |       |    46 ||    46
       Steam dragon scal |       |       |    65 ||    65
Dodge: Dodged            |    50 |    77 |   277 ||   404
Block: Buckler           |    20 |    42 |    97 ||   159

Levels and vault maps discovered:
D:1:      amcnicky_arrival_feature_with_door, layout_basic,
          nicolae_ecumenical_snake_handling, serial_glass, glass_columns_a,
          glass_columns_c, glass_columns_c, glass_columns_b, item_on_display_a,
          minmay_strange_pillars, minmay_liquid_box
D:2:      layout_basic
D:3:      layout_basic
D:4:      layout_gridville, nicolae_inconvenience_store, uniq_ijyb, uniq_pikel
D:5:      layout_basic, minmay_fountain_box
D:6:      layout_loops_ring, uniq_duvessa
D:7:      layout_layer_cave, temple_hall, grunt_ministairs_15,
          small_statue_intersection
D:8:      black_bear_nest_2, layout_basic, kennysheep_generic_room_10,
          uniq_maurice
Temple:   grunt_wide_crystal_templ

Notes
Turn   | Place    | Note
-------+----------+-------------------------------------------
     0 | D:1      | spaghetti the Mummy Fighter began the quest for the Orb.
     0 | D:1      | Reached XP level 1. HP: 18/18 MP: 1/1
     0 | D:1      | magus.rc [v1.9.6]
   169 | D:2      | Reached skill level 1 in Stealth
   169 | D:2      | Reached XP level 2. HP: 17/24 MP: 2/2
   266 | D:2      | Reached skill level 2 in Stealth
   566 | D:1      | Gained mutation: You are in touch with the powers of death.
                  | [Mummy growth]
   566 | D:1      | Reached XP level 3. HP: 29/29 MP: 3/3
   737 | D:1      | Reached skill level 1 in Dodging
   745 | D:1      | Found a faded altar of an unknown god.
  1950 | D:3      | Reached skill level 2 in Dodging
  1950 | D:3      | Reached XP level 4. HP: 35/35 MP: 4/4
  1993 | D:3      | You pick up a book of Vapours and begin reading...
  1993 | D:3      | You add the spells Poisonous Vapours and Corpse Rot to your
                  | library.
  2393 | D:3      | You pick up a book of Dangerous Friends and begin
                  | reading...
  2393 | D:3      | You add the spells Summon Guardian Golem, Orb of
                  | Destruction and Spellforged Servitor to your library.
  2700 | D:3      | Reached skill level 3 in Dodging
  2784 | D:3      | Reached XP level 5. HP: 41/41 MP: 5/5
  2865 | D:4      | Noticed Ijyb
  2865 | D:4      | Paralysed by Ijyb for 7 turns
  2873 | D:4      | Killed Ijyb
  2938 | D:4      | Noticed Pikel
  2940 | D:4      | Noticed a lemure
  2943 | D:4      | Noticed a lemure
  2943 | D:4      | Noticed a lemure
  2945 | D:4      | Noticed a lemure
  2968 | D:4      | Killed Pikel
  2969 | D:4      | Reached skill level 6 in Dodging
  2969 | D:4      | Reached XP level 6. HP: 46/47 MP: 6/6
  2969 | D:4      | Reached XP level 7. HP: 50/52 MP: 7/7
  3158 | D:5      | Entered Level 5 of the Dungeon
  3476 | D:5      | Reached skill level 7 in Dodging
  3503 | D:5      | You pick up a book of Decay and begin reading...
  3503 | D:5      | You add the spells Dispel Undead and Death Channel to your
                  | library.
  3700 | D:5      | You pick up a book of Scorching and begin reading...
  3700 | D:5      | You add the spells Scorch, Flame Wave and Summon Cactus
                  | Giant to your library.
  3803 | D:5      | Reached XP level 8. HP: 57/58 MP: 8/8
  4245 | D:5      | Reached skill level 2 in Short Blades
  4561 | D:6      | Reached skill level 3 in Short Blades
  4654 | D:6      | You pick up a book of Dreams and begin reading...
  4654 | D:6      | You add the spells Ensorcelled Hibernation and Anguish to
                  | your library.
  4789 | D:6      | Reached skill level 4 in Short Blades
  4789 | D:6      | Reached skill level 8 in Dodging
  4804 | D:6      | Noticed Dowan
  4840 | D:6      | Killed Dowan
  4848 | D:6      | Noticed Duvessa
  4990 | D:8      | Reached skill level 5 in Short Blades
  4990 | D:8      | Reached XP level 9. HP: 32/63 MP: 9/9
  5106 | D:6      | Killed Duvessa
  5678 | D:7      | HP: 15/63 [steam dragon] (8)]
  5681 | D:7      | Reached skill level 6 in Short Blades
  5752 | D:7      | Found a staircase to the Ecumenical Temple.
  5763 | Temple   | Entered the Ecumenical Temple
  5796 | Temple   | Became a worshipper of Yredelemnul the Dark
  5970 | D:5      | You add the spells Ozocubu's Armour and Ozocubu's
                  | Refrigeration to your library.
  6150 | D:4      | Found Vigusudgh's Book Shoppe.
  6218 | D:4      | Reached * piety under Yredelemnul
  6507 | D:7      | Reached skill level 1 in Invocations
  7200 | D:8      | HP: 13/65 [centaur/arrow (5)]
  7202 | D:8      | HP: 5/65 [centaur (5)]
  7473 | D:8      | Noticed Maurice
  7486 | D:8      | Reached skill level 4 in Fighting
  7486 | D:8      | Reached skill level 2 in Invocations
  7495 | D:8      | HP: 15/65 [something (4)]
  7500 | D:8      | Killed Maurice
  7793 | D:8      | Reached skill level 7 in Short Blades
  7890 | D:8      | HP: 8/66 [orc priest/divine providence (10)]
  7892 | D:8      | Killed from afar by an orc priest

Vanquished Creatures
  Pikel (D:4)
  Maurice (D:8)
  A wyvern (D:8)
  2 steam dragons
  A water moccasin (D:5)
  Duvessa (D:6)
  An ice beast (D:6)
  A black bear (D:6)
  2 orc warriors
  2 centaurs
  An ogre (D:4)
  2 phantoms (D:6)
  A kobold brigand (D:5)
  A bullfrog (D:6)
  A necrophage (D:5)
  2 scorpions
  3 wights (D:7)
  Dowan (D:6)
  A howler monkey (D:7)
  3 hounds
  4 orc priests
  A gnoll shaman (D:5)
  3 jellies
  Ijyb (D:4)
  2 iguanas
  4 orc wizards
  12 adders
  8 gnolls (D:5)
  A shadow imp (D:5)
  An ufetubus (D:7)
  A worm (D:3)
  A dart slug (D:1)
  20 orcs
  3 endoplasms
  5 giant cockroaches
  10 goblins
  5 hobgoblins
  6 jackals
  9 kobolds
  2 quokkas
  8 ball pythons
  3 bats
  3 frilled lizards
  4 rats
146 creatures vanquished.

Vanquished Creatures (collateral kills)
  A jelly (D:4)
  A ball python (D:4)
2 creatures vanquished.

Vanquished Creatures (others)
  A howler monkey zombie (D:7)
  2 orcs (D:7)
  4 orc zombies (D:8)
7 creatures vanquished.

Grand Total: 155 creatures vanquished

Table legend:
 A = Non-vault XP
 B = Vault XP
 C = Vault XP percentage of total XP
 D = Non-vault monster count
 E = Vault monster count
 F = Vault count percentage of total count
                 A         B        C        D         E       F
            +---------+---------+-------+---------+---------+-------
      Total |    4112 |    1411 |  25.5 |     146 |       9 |   5.8
            +---------+---------+-------+---------+---------+-------
        D:1 |      39 |       3 |   7.1 |      22 |       2 |   8.3
        D:2 |      49 |       0 |   0.0 |      13 |       0 |   0.0
        D:3 |     108 |       0 |   0.0 |      22 |       0 |   0.0
        D:4 |     303 |     677 |  69.1 |      16 |       2 |  11.1
        D:5 |     680 |       0 |   0.0 |      29 |       0 |   0.0
        D:6 |    1379 |     211 |  13.3 |      19 |       2 |   9.5
        D:7 |     855 |      48 |   5.3 |      15 |       2 |  11.8
        D:8 |     699 |     472 |  40.3 |      10 |       1 |   9.1
            +---------+---------+-------+---------+---------+-------

Illustrated notes

Table legend:
 A = Kills in this place as a percentage of kills in entire the game.
 B = Kills by you in this place as a percentage of kills by you in the entire game.
 C = Kills by friends in this place as a percentage of kills by friends in the entire game.
 D = Other kills in this place as a percentage of other kills in the entire game.
 E = Experience gained in this place as a percentage of experience gained in the entire game.
 F = Experience gained in this place divided by the number of levels of this place that you have seen.
                   A       B       C       D       E      F
               +-------+-------+-------+-------+-------+----------------------
         Total | 100.0 | 100.0 | 100.0 | 100.0 | 100.0 | 613.7
       Dungeon | 100.0 | 100.0 | 100.0 | 100.0 | 100.0 | 690.4
               +-------+-------+-------+-------+-------+----------------------

Table legend: (Time is in decaauts)
 A = Elapsed time spent in this place.
 B = Non-inter-level travel time spent in this place.
 C = Inter-level travel time spent in this place.
 D = Time resting spent in this place.
 E = Time spent auto-exploring this place.
 F = Levels seen in this place.
 G = Mean time per level.
                   A        B        C        D        E       F      G
               +--------+--------+--------+--------+--------+-----+--------+
         Total |   7954 |   7639 |    315 |    998 |   4958 |   9 |  883.8 |
       Dungeon |   7898 |   7595 |    303 |    998 |   4949 |   8 |  987.2 |
        Temple |     56 |     44 |     12 |      0 |      9 |   1 |   56.0 |
               +--------+--------+--------+--------+--------+-----+--------+

Top non-repeatable levels by time:
     D:5: 1559 daAuts
     D:2: 1114 daAuts
     D:7: 939 daAuts
     D:8: 928 daAuts
     D:6: 923 daAuts
     D:3: 904 daAuts
     D:1: 799 daAuts
     D:4: 728 daAuts
  Temple: 56 daAuts
